[Event "Titled Tuesday Blitz August 1 Early 2023"]
[White "Foerster-Yialamas, Lucas"]
[Black "Sadykov, Ramil"]
[WhiteFideId "30901774"]
[BlackFideId "24113590"]
[WhiteElo "2409"]
[BlackElo "2577"]
[Result "1-0"]
[Round "7"]
[TimeControl "180+1"]
[Date "2023.08.01"]
[WhiteClock "0:00:43"]
[BlackClock "0:00:28"]
[Board "86"]

1. e4 c5 2. Nf3 e6 3. d4 cxd4 4. Nxd4 Nf6 5. f3 Nc6 6. c4 d5 7. exd5 exd5 8. Nxc6 bxc6 9. cxd5 cxd5 10. Bb5+ Bd7 11. Qe2+ Be7 12. Bxd7+ Qxd7 13. O-O O-O 14. Bf4 Bc5+ 15. Kh1 Qf5 16. Qd2 Rfe8 17. Nc3 Rad8 18. Rae1 Re6 19. Rxe6 fxe6 20. Bc7 Rd7 21. Bg3 Nh5 22. Bf2 Bxf2 23. Rxf2 e5 24. g4 Qg6 25. gxh5 Qxh5 26. Rf1 d4 27. Ne4 h6 28. Qg2 Kh7 29. Qc2 Qf5 30. Nf6+ 1-0


[Site "https://www.chess.com"]

[Event "Titled Tuesday Blitz August 1 Early 2023"]
[White "Pastar, Slaven"]
[Black "Han, Yichen"]
[WhiteFideId "14402718"]
[BlackFideId "1054430"]
[WhiteElo "2576"]
[BlackElo "2399"]
[Result "0-1"]
[Round "7"]
[TimeControl "180+1"]
[Date "2023.08.01"]
[WhiteClock "0:00:09"]
[BlackClock "0:00:03"]
[Board "87"]

1. b3 d5 2. Bb2 Nc6 3. Nf3 Bg4 4. e3 e5 5. h3 Bxf3 6. Qxf3 Nf6 7. Bb5 Bd6 8. Qg3 Qe7 9. Qxg7 Rg8 10. Qh6 Rxg2 11. Nc3 d4 12. Ne2 O-O-O 13. Bxc6 bxc6 14. Rf1 Ne4 15. Qxh7 Nxd2 16. Kxd2 dxe3+ 17. Kc1 exf2 18. Qf5+ Kb8 19. Rxf2 Rxf2 20. Qxf2 Bc5 21. Qg3 Qd6 22. Kb1 Qd1+ 23. Nc1 e4 24. b4 Bb6 25. a4 e3 26. a5 Bd4 27. Bxd4 Rxd4 28. Kb2 Rxb4+ 29. Ka3 Qd4 30. Nb3 Ra4# 0-1


[Site "https://www.chess.com"]

[Event "Titled Tuesday Blitz August 1 Early 2023"]
[White "Kashlinskaya, Alina"]
[Black "Gardezi, Arsal"]
[WhiteFideId "4198026"]
[BlackFideId "30949521"]
[WhiteElo "2575"]
[BlackElo "2293"]
[Result "0-1"]
[Round "7"]
[TimeControl "180+1"]
[Date "2023.08.01"]
[WhiteClock "0:00:06"]
[BlackClock "0:00:18"]
[Board "88"]

1. e4 e5 2. Nc3 Nc6 3. Bc4 Nf6 4. d3 Na5 5. Nge2 Nxc4 6. dxc4 Bc5 7. O-O a6 8. b3 d6 9. Qd3 O-O 10. Be3 Bxe3 11. Qxe3 Re8 12. Rad1 Qe7 13. Ng3 b5 14. cxb5 axb5 15. Nxb5 Rxa2 16. Qc3 Ba6 17. Nf5 Qd7 18. Qg3 g6 19. Nc3 Rxc2 20. Rfe1 Nh5 21. Qg4 Nf6 22. Qg3 Rxc3 23. Qxc3 gxf5 24. exf5 Kh8 25. Qf3 Rg8 26. Rxe5 Qc8 27. Ree1 Bb7 28. Qc3 Rxg2+ 29. Kf1 Qxf5 30. Rd2 Rxh2 31. Re8+ Kg7 32. Qg3+ Ng4 33. Qc3+ Qf6 34. Qg3 Rh1+ 35. Ke2 Qxf2+ 36. Qxf2 Ba6+ 37. Kf3 Nxf2 38. Rxf2 Rh3+ 39. Kg2 Rxb3 40. Rf3 Bb7 41. Re7 Bxf3+ 42. Kf2 Bd5 43. Rd7 Be6 44. Rxc7 Rb2+ 45. Kg1 Rb3 46. Rc6 d5 47. Rd6 Rb2 48. Kh1 Rd2 49. Kg1 d4 50. Kh1 d3 51. Kg1 Rd1+ 52. Kh2 d2 53. Rd3 Bf5 54. Rg3+ Kf6 55. Rf3 Rh1+ 0-1


[Site "https://www.chess.com"]

[Event "Titled Tuesday Blitz August 1 Early 2023"]
[White "Mendez Fortes, Eduardo Jesus"]
[Black "Nosacheva, Mariya"]
[WhiteFideId "3502376"]
[BlackFideId "34111422"]
[WhiteElo "2565"]
[BlackElo "2393"]
[Result "1-0"]
[Round "7"]
[TimeControl "180+1"]
[Date "2023.08.01"]
[WhiteClock "0:00:58"]
[BlackClock "0:00:00"]
[Board "89"]

1. e4 c5 2. Nf3 d6 3. d4 cxd4 4. Nxd4 Nf6 5. Nc3 a6 6. Bg5 Nbd7 7. Bc4 Qb6 8. Bb3 e6 9. Qd2 Qc7 10. O-O-O Nc5 11. f3 b5 12. a3 Be7 13. g4 Bd7 14. Ba2 Rb8 15. b4 Na4 16. Nxa4 bxa4 17. c3 a5 18. Kb1 O-O 19. h4 Rfc8 20. Rc1 d5 21. e5 Nxg4 22. fxg4 Bxg5 23. hxg5 axb4 24. axb4 Qa7 25. Qh2 Rxc3 26. Rxc3 Rxb4+ 27. Nb3 axb3 28. Rxb3 Rxb3+ 29. Bxb3 Qe3 30. Qxh7+ Kf8 31. Qc2 Ke7 32. g6 Qxe5 33. Qc5+ Kf6 34. gxf7 Qe4+ 35. Kb2 Qe2+ 36. Bc2 Kxf7 37. g5 Qe5+ 38. Qc3 Qxg5 39. Rf1+ Ke8 40. Qd3 Qe5+ 41. Kb1 Qb8+ 42. Kc1 Qb4 43. Qg6+ Kd8 44. Qxg7 1-0


[Site "https://www.chess.com"]

[Event "Titled Tuesday Blitz August 1 Early 2023"]
[White "Papayan, Oleg"]
[Black "Csonka, Balazs"]
[WhiteFideId "4193911"]
[BlackFideId "742910"]
[WhiteElo "2495"]
[BlackElo "2709"]
[Result "0-1"]
[Round "7"]
[TimeControl "180+1"]
[Date "2023.08.01"]
[WhiteClock "0:00:00"]
[BlackClock "0:01:12"]
[Board "90"]

1. e4 e6 2. d4 d5 3. Nc3 Bb4 4. Ne2 dxe4 5. a3 Bxc3+ 6. Nxc3 Nc6 7. d5 exd5 8. Qxd5 Be6 9. Qxe4 Nf6 10. Qa4 Qe7 11. Be3 Ng4 12. Bb5 O-O 13. Bxc6 Nxe3 14. fxe3 bxc6 15. Qxc6 Qh4+ 16. g3 Qg5 17. Qf3 Rab8 18. O-O-O Bg4 19. Qd5 Qxe3+ 20. Rd2 Bf3 0-1


[Site "https://www.chess.com"]

[Event "Titled Tuesday Blitz August 1 Early 2023"]
[White "Schnaider, Ilan"]
[Black "Tokman, Ariel"]
[WhiteFideId "169013"]
[BlackFideId "117420"]
[WhiteElo "2688"]
[BlackElo "2494"]
[Result "1-0"]
[Round "7"]
[TimeControl "180+1"]
[Date "2023.08.01"]
[WhiteClock "0:00:05"]
[BlackClock "0:00:05"]
[Board "91"]

1. e4 Nf6 2. e5 Nd5 3. c4 Nb6 4. d4 d6 5. exd6 cxd6 6. Nc3 g6 7. Be3 Bg7 8. Rc1 O-O 9. b3 Nc6 10. Nf3 Bg4 11. Be2 d5 12. c5 Nc8 13. h3 Bxf3 14. Bxf3 e6 15. O-O N8e7 16. Ne2 Nf5 17. Qd3 Nxe3 18. fxe3 Bh6 19. Rce1 a5 20. Nc3 Rb8 21. Na4 Qc7 22. a3 Ne7 23. Bg4 Bg7 24. Re2 h5 25. Bf3 Nf5 26. Rfe1 Qg3 27. Nb6 Rbd8 28. Rf1 e5 29. Bxd5 exd4 30. Rf3 Qg5 31. e4 Ne3 32. Ref2 Kh8 33. Bxf7 Be5 34. Nc4 Bg3 35. Re2 Rd7 36. Nxe3 Rdxf7 37. Qxd4+ Kh7 38. Rxf7+ Rxf7 39. Qd1 Be5 40. Nf1 Qf4 41. Qe1 h4 42. c6 Bd4+ 43. Kh1 Qxf1+ 44. Qxf1 Rxf1+ 45. Kh2 Be5+ 46. g3 Bxg3+ 47. Kg2 Rc1 48. cxb7 Rb1 49. Re3 Bf4 50. Rf3 Be5 51. Rf7+ Kh6 52. Re7 Bf4 53. Rf7 g5 54. Rxf4 Rb2+ 55. Kf1 Rxb3 56. Rf6+ Kh5 57. Rf7 a4 58. Rh7+ Kg6 59. Rc7 Kh5 60. e5 g4 61. hxg4+ Kxg4 62. e6 Kf3 63. Rf7+ Kg3 64. e7 h3 65. e8=Q 1-0


[Site "https://www.chess.com"]

[Event "Titled Tuesday Blitz August 1 Early 2023"]
[White "Alamzhi21"]
[Black "Kaplan, Avi Harrison"]
[BlackFideId "30934559"]
[WhiteElo "2678"]
[BlackElo "2494"]
[Result "1-0"]
[Round "7"]
[TimeControl "180+1"]
[Date "2023.08.01"]
[WhiteClock "0:01:41"]
[BlackClock "0:00:32"]
[Board "92"]

1. d4 Nf6 2. Bf4 b6 3. Nf3 Bb7 4. e3 Nh5 5. Bg5 h6 6. Bh4 g5 7. Nfd2 Nf4 8. exf4 gxh4 9. Nf3 e6 10. Be2 Qf6 11. g3 hxg3 12. hxg3 c5 13. Rh2 Nc6 14. c3 O-O-O 15. dxc5 Bxc5 16. Nbd2 d5 17. Nb3 Bd6 18. Nbd4 Kb8 19. Nxc6+ Bxc6 20. Qd4 Qe7 21. Qd2 Bb7 22. O-O-O Rc8 23. Kb1 a6 24. Rdh1 Qf6 25. Qd4 Qg6+ 26. Bd3 Qg4 27. Ne5 Bxe5 28. fxe5 Ka7 29. Qxg4 1-0


[Site "https://www.chess.com"]

[Event "Titled Tuesday Blitz August 1 Early 2023"]
[White "Nagare Kaivalya Sandip"]
[Black "Ljukin, Sergei"]
[WhiteFideId "25957929"]
[BlackFideId "14102200"]
[WhiteElo "2675"]
[BlackElo "2493"]
[Result "0-1"]
[Round "7"]
[TimeControl "180+1"]
[Date "2023.08.01"]
[WhiteClock "0:01:42"]
[BlackClock "0:01:55"]
[Board "93"]

1. e4 e6 2. d4 d5 3. Nc3 Bb4 4. e5 Ne7 5. a3 Bxc3+ 6. bxc3 c5 7. Nf3 Bd7 8. a4 Qa5 9. Bd2 Nbc6 10. c4 Qc7 11. cxd5 exd5 12. c3 Bg4 13. Bd3 cxd4 14. cxd4 Nxd4 15. Nxd4 Bxd1 16. Rxd1 Qxe5+ 17. Be3 Nc6 18. Nf3 Qc3+ 19. Kf1 O-O 20. g3 d4 21. Bf4 Nb4 22. Be4 Rae8 23. Bxb7 Re7 0-1


[Site "https://www.chess.com"]

[Event "Titled Tuesday Blitz August 1 Early 2023"]
[White "Kiremitciyan, Ari"]
[Black "Skliarov, Viktor"]
[WhiteFideId "6373445"]
[BlackFideId "14106736"]
[WhiteElo "2492"]
[BlackElo "2659"]
[Result "1/2-1/2"]
[Round "7"]
[TimeControl "180+1"]
[Date "2023.08.01"]
[WhiteClock "0:01:12"]
[BlackClock "0:00:26"]
[Board "94"]

1. e4 c5 2. Nc3 Nc6 3. Nf3 Nf6 4. Bb5 Nd4 5. O-O Nxb5 6. Nxb5 a6 7. Nc3 d6 8. d4 cxd4 9. Qxd4 e5 10. Qd3 h6 11. a4 Be7 12. Nd2 O-O 13. Nc4 Be6 14. Ne3 Rc8 15. Bd2 Qd7 16. Rfc1 Rfd8 17. Ncd5 Nxd5 18. Nxd5 Bxd5 19. Qxd5 Rc5 20. Qb3 d5 21. Bb4 Rc4 22. Bxe7 Qxe7 23. exd5 Qb4 24. Qxb4 Rxb4 25. b3 Rxd5 26. Rd1 Rbd4 27. Rxd4 Rxd4 28. Kf1 Kf8 29. Ke2 Ke7 30. f3 a5 31. c3 Rd6 32. Rd1 Rxd1 33. Kxd1 Kd6 34. Kd2 Kd5 35. Kd3 f5 36. h4 h5 37. Ke3 Kc5 38. Kd3 Kd5 39. Ke3 Kc5 40. Kd3 Kd5 1/2-1/2


[Site "https://www.chess.com"]

[Event "Titled Tuesday Blitz August 1 Early 2023"]
[White "Bettalli, Francesco"]
[Black "Koshulyan, Egor A."]
[WhiteFideId "2816453"]
[BlackFideId "24237000"]
[WhiteElo "2483"]
[BlackElo "2657"]
[Result "1-0"]
[Round "7"]
[TimeControl "180+1"]
[Date "2023.08.01"]
[WhiteClock "0:00:30"]
[BlackClock "0:00:12"]
[Board "95"]

1. e4 c5 2. Nc3 Nc6 3. Bb5 g5 4. d3 h6 5. h4 gxh4 6. Bxc6 dxc6 7. Rxh4 Bg7 8. Nf3 Be6 9. Be3 Qb6 10. Na4 Qa5+ 11. c3 b6 12. e5 Qa6 13. Qc2 Bd5 14. d4 cxd4 15. Bxd4 e6 16. O-O-O Ne7 17. Rg4 Nf5 18. b3 h5 19. Rxg7 Nxg7 20. c4 Bxf3 21. gxf3 Nf5 22. Bb2 Qb7 23. Nc3 Rd8 24. Ne4 Rxd1+ 25. Qxd1 c5 26. Kb1 Ke7 27. Bc1 Rg8 28. Bg5+ Rxg5 29. Nxg5 Qc7 30. f4 Ng7 31. Ne4 Qc6 32. Nf6 h4 33. Qg4 Nf5 34. Qg5 Kd8 35. Qg8+ Ke7 36. Qh8 b5 37. Qb8 bxc4 38. Qxa7+ Kf8 39. Qb8+ Ke7 40. bxc4 h3 41. Qh8 Qb7+ 42. Kc1 Qh1+ 43. Kd2 Qc6 44. Qxh3 Qa6 45. Qb3 Qa5+ 46. Kd1 Qd8+ 47. Ke1 Qa5+ 48. Kf1 Qa8 49. Kg1 Nd4 50. Qb6 Qc8 51. Qd6# 1-0


[Site "https://www.chess.com"]

[Event "Titled Tuesday Blitz August 1 Early 2023"]
[White "Kovalevsky, Stanislav"]
[Black "Arias, Juan Cruz"]
[WhiteFideId "13508598"]
[BlackFideId "118540"]
[WhiteElo "2483"]
[BlackElo "2635"]
[Result "0-1"]
[Round "7"]
[TimeControl "180+1"]
[Date "2023.08.01"]
[WhiteClock "0:02:08"]
[BlackClock "0:01:40"]
[Board "96"]

1. e4 e6 2. c4 d5 3. cxd5 exd5 4. exd5 Nf6 5. Nc3 Bd6 6. Bc4 O-O 7. Nge2 Nbd7 8. d3 Nb6 9. O-O h6 10. Bf4 Bg4 11. f3 Bf5 12. Ne4 Bxf4 13. Nxf6+ Qxf6 14. Nxf4 Qd4+ 15. Rf2 Qxf4 16. g4 Bg6 17. Bb3 Rfe8 18. Rc1 Re3 19. a4 a5 20. Qd2 Rae8 21. Qxa5 Rxf3 22. Rxf3 Qxf3 23. Qd2 Re2 0-1


[Site "https://www.chess.com"]

[Event "Titled Tuesday Blitz August 1 Early 2023"]
[White "Timerkhanov, Alexander"]
[Black "MFatigue"]
[WhiteFideId "24177938"]
[WhiteElo "2633"]
[BlackElo "2476"]
[Result "1/2-1/2"]
[Round "7"]
[TimeControl "180+1"]
[Date "2023.08.01"]
[WhiteClock "0:00:23"]
[BlackClock "0:00:08"]
[Board "97"]

1. d4 d5 2. Nf3 Nf6 3. g3 c5 4. Bg2 cxd4 5. O-O h6 6. h3 e6 7. Nxd4 e5 8. Nb3 Nc6 9. Nc3 Be6 10. Kh2 Qd7 11. f4 Bd6 12. fxe5 Bxe5 13. Bf4 O-O 14. Nc5 Qe7 15. Nxe6 fxe6 16. e4 d4 17. Ne2 Rad8 18. Bxe5 Nxe5 19. Nf4 g5 20. Nd3 Nxd3 21. cxd3 e5 22. Qb3+ Kg7 23. Rac1 Rc8 24. Bf3 b6 25. Kg2 Qd7 26. Be2 Qe7 27. Qb5 Rc5 28. Rxc5 Qxc5 29. Qxc5 bxc5 30. Rc1 Rc8 31. b4 Rb8 32. bxc5 Rb2 33. Kf1 Ne8 34. c6 Nc7 35. Bg4 Kf6 36. Rc4 Rxa2 37. Rb4 Ke7 38. Rb8 Rd2 39. Rh8 Rxd3 40. Rh7+ Kd6 41. Rxh6+ Kc5 42. Kf2 Re3 43. h4 gxh4 44. gxh4 Rxe4 45. Bf3 Rf4 46. Kg3 d3 47. Rh7 d2 48. Rd7 Rd4 49. h5 e4 50. Rxd4 Kxd4 51. Bg4 e3 52. Be2 Ke5 53. Kf3 Kd6 54. h6 Ne6 55. Kxe3 Ng5 56. Kf4 Nh7 57. Kf5 Kxc6 58. Kg6 Nf8+ 59. Kg7 Ne6+ 60. Kf6 Nf8 61. Kf7 Nh7 62. Kg7 Ng5 63. Kg6 Ne6 64. Kf6 Nf8 65. Kf7 Nh7 66. Kg7 Ng5 67. Kf6 Nh7+ 68. Kg6 Nf8+ 69. Kg7 Ne6+ 70. Kf6 1/2-1/2


[Site "https://www.chess.com"]

[Event "Titled Tuesday Blitz August 1 Early 2023"]
[White "Weishaeutel, Moritz"]
[Black "Ronka, Erik"]
[WhiteFideId "12967300"]
[BlackFideId "505080"]
[WhiteElo "2632"]
[BlackElo "2472"]
[Result "1-0"]
[Round "7"]
[TimeControl "180+1"]
[Date "2023.08.01"]
[WhiteClock "0:00:11"]
[BlackClock "0:00:00"]
[Board "98"]

1. e4 e5 2. d4 exd4 3. Qxd4 Nc6 4. Qe3 Nf6 5. e5 Ng4 6. Qe4 Ngxe5 7. f4 d5 8. Qe2 Bg4 9. Nf3 Bxf3 10. gxf3 Qh4+ 11. Kd1 O-O-O 12. fxe5 Bc5 13. Nd2 Rhe8 14. f4 f6 15. Nf3 Qh5 16. Qg2 Kb8 17. Be2 Qf7 18. Bb5 d4 19. Bd2 Qd5 20. Nh4 Qe6 21. Bxc6 bxc6 22. Re1 d3 23. cxd3 Rxd3 24. Kc2 Qc4+ 25. Bc3 Red8 26. Red1 Qa4+ 27. b3 Rxc3+ 28. Kxc3 Qb4+ 29. Kc2 Rc8 30. Nf3 Be3 31. Rd3 1-0


[Site "https://www.chess.com"]

[Event "Titled Tuesday Blitz August 1 Early 2023"]
[White "D`Arruda, Ricardo D."]
[Black "Burmakin, Vladimir"]
[WhiteFideId "100692"]
[BlackFideId "4105109"]
[WhiteElo "2474"]
[BlackElo "2601"]
[Result "0-1"]
[Round "7"]
[TimeControl "180+1"]
[Date "2023.08.01"]
[WhiteClock "0:00:10"]
[BlackClock "0:00:46"]
[Board "99"]

1. Nf3 d5 2. d4 c6 3. g3 Nf6 4. Bg2 Bf5 5. O-O e6 6. c4 Be7 7. b3 O-O 8. Bb2 Nbd7 9. Nc3 h6 10. Ne5 Nxe5 11. dxe5 Nd7 12. e4 dxe4 13. Nxe4 Nc5 14. Qe2 Nxe4 15. Bxe4 Bxe4 16. Qxe4 Qa5 17. Rfd1 Rfd8 18. a3 Qb6 19. Qc2 a5 20. a4 Bc5 21. Kg2 Bd4 22. Rab1 Bxb2 23. Qxb2 Qc5 24. f4 Qe3 25. Qf2 Qe4+ 26. Kg1 Rd3 27. Re1 Qf5 28. Rbd1 Rad8 29. Qe2 h5 30. Rxd3 Qxd3 31. Qxd3 Rxd3 32. Rb1 c5 33. Kf2 Rd2+ 34. Ke3 Rxh2 35. Rd1 Rb2 36. Rd3 Kh7 37. Kf3 Kg6 38. g4 hxg4+ 39. Kxg4 f6 40. exf6 gxf6 41. Re3 f5+ 42. Kf3 Kf6 43. Rd3 Rh2 44. Kg3 Rb2 45. Kf3 Ke7 46. Kg3 Rb1 47. Kf3 Rh1 48. Kg3 Re1 49. Kf2 Re4 50. Kf3 Rd4 51. Re3 Kf6 52. Kg3 b6 53. Kf3 Ke7 54. Kg3 Re4 55. Rd3 e5 56. fxe5 Rd4 57. Rf3 Ke6 58. Kf2 Kxe5 59. Rh3 Rd2+ 60. Ke1 Rb2 61. Rd3 Ke4 62. Rc3 f4 0-1


[Site "https://www.chess.com"]

[Event "Titled Tuesday Blitz August 1 Early 2023"]
[White "Perdomo, Carlos Andres"]
[Black "chessmateto"]
[WhiteFideId "4400852"]
[WhiteElo "2599"]
[BlackElo "2470"]
[Result "1-0"]
[Round "7"]
[TimeControl "180+1"]
[Date "2023.08.01"]
[WhiteClock "0:00:14"]
[BlackClock "0:00:03"]
[Board "100"]

1. Nf3 d5 2. e3 Nf6 3. c4 c6 4. b3 g6 5. Bb2 Bg7 6. Be2 O-O 7. O-O Re8 8. d4 Bf5 9. Nbd2 Nbd7 10. Nh4 Nf8 11. Nxf5 gxf5 12. c5 Ng6 13. f4 b6 14. b4 Rb8 15. Qc2 Ne4 16. Nxe4 fxe4 17. Rac1 b5 18. Bc3 e6 19. g4 f5 20. Be1 Kh8 21. g5 Bf8 22. h4 Be7 23. Kh1 Rg8 24. Rg1 Qf8 25. a4 a6 26. a5 Qg7 27. Rg2 Nf8 28. Bf2 h6 29. Rcg1 hxg5 30. hxg5 Qg6 31. Rh2+ Kg7 32. Bh5 Qh7 33. g6 Qh6 34. Bd1 Rh8 35. Rxh6 Rh7 36. gxh7+ 1-0


[Site "https://www.chess.com"]

[Event "Titled Tuesday Blitz August 1 Early 2023"]
[White "Dinu, Dumitru-Daniel"]
[Black "Piesik, Piotr"]
[WhiteFideId "1208403"]
[BlackFideId "1136194"]
[WhiteElo "2470"]
[BlackElo "2598"]
[Result "0-1"]
[Round "7"]
[TimeControl "180+1"]
[Date "2023.08.01"]
[WhiteClock "0:00:42"]
[BlackClock "0:02:10"]
[Board "101"]

1. d4 c5 2. d5 e5 3. e4 d6 4. c4 Be7 5. Nc3 Bg5 6. Nf3 Bxc1 7. Qxc1 Ne7 8. Be2 O-O 9. O-O Ng6 10. g3 Bh3 11. Re1 h6 12. Bf1 Bxf1 13. Rxf1 Nd7 14. Ne1 Ne7 15. Ng2 f5 16. exf5 Nxf5 17. Ne4 Nf6 18. Nxf6+ Qxf6 19. f4 Nd4 20. Qd1 Rae8 21. fxe5 Qxe5 22. Rxf8+ Rxf8 23. Nf4 Qe3+ 24. Kg2 g5 25. Nd3 Rf3 26. Ne1 Rf2+ 27. Kh3 Ne2 28. Qd3 Nf4+ 0-1


[Site "https://www.chess.com"]

[Event "Titled Tuesday Blitz August 1 Early 2023"]
[White "Yashmetov, Mikhail"]
[Black "Derige Kane, Yan"]
[WhiteFideId "24198900"]
[BlackFideId "20665431"]
[WhiteElo "2468"]
[BlackElo "2595"]
[Result "0-1"]
[Round "7"]
[TimeControl "180+1"]
[Date "2023.08.01"]
[WhiteClock "0:01:20"]
[BlackClock "0:02:29"]
[Board "102"]

1. d4 d5 2. c4 e6 3. g3 Nf6 4. Bg2 Be7 5. Nf3 O-O 6. O-O dxc4 7. Ne5 Nc6 8. Bxc6 bxc6 9. Nxc6 Qe8 10. Nxe7+ Qxe7 11. Qc2 e5 12. dxe5 Qxe5 13. Bf4 Qh5 14. Nc3 Bf5 15. Qc1 Rfe8 16. f3 Bh3 17. Rd1 Qc5+ 18. Kh1 Qf2 19. Rg1 Rxe2 20. g4 Qxf3+ 0-1


[Site "https://www.chess.com"]

[Event "Titled Tuesday Blitz August 1 Early 2023"]
[White "Romero Pallares, Daniel"]
[Black "brm72"]
[WhiteFideId "32025637"]
[WhiteElo "2465"]
[BlackElo "2594"]
[Result "0-1"]
[Round "7"]
[TimeControl "180+1"]
[Date "2023.08.01"]
[WhiteClock "0:00:00"]
[BlackClock "0:01:15"]
[Board "103"]

1. e4 c6 2. d3 d5 3. Nd2 e5 4. Ngf3 Bd6 5. d4 exd4 6. Bd3 c5 7. exd5 Nf6 8. O-O O-O 9. c3 dxc3 10. bxc3 Nxd5 11. Ne4 Be7 12. Bg5 Nc6 13. Re1 Be6 14. Qc2 h6 15. Bd2 Qc7 16. Ng3 Nf4 17. Bf5 Bxf5 18. Qxf5 Ng6 19. Nh5 Rad8 20. Be3 b6 21. g3 Rfe8 22. h4 Bf8 23. Rad1 Nce5 24. Nxe5 Qxe5 25. Qf3 Qxc3 26. Kg2 Ne5 27. Qb7 Nc4 28. Rxd8 Rxd8 29. Re2 Qd3 30. Nf4 Nxe3+ 31. Rxe3 Qd7 32. Qa6 Bd6 33. Nd5 Qc6 34. Rd3 c4 35. Rd1 Bf8 0-1


[Site "https://www.chess.com"]

[Event "Titled Tuesday Blitz August 1 Early 2023"]
[White "Saya, Ethan"]
[Black "Zeman, Matyas"]
[WhiteFideId "26095181"]
[BlackFideId "364398"]
[WhiteElo "2579"]
[BlackElo "2456"]
[Result "1-0"]
[Round "7"]
[TimeControl "180+1"]
[Date "2023.08.01"]
[WhiteClock "0:00:29"]
[BlackClock "0:00:00"]
[Board "104"]

1. d4 Nf6 2. c4 e6 3. Nc3 d5 4. cxd5 Nxd5 5. e4 Nxc3 6. bxc3 c5 7. Nf3 cxd4 8. cxd4 Bb4+ 9. Bd2 Bxd2+ 10. Qxd2 O-O 11. Bb5 a6 12. Bd3 Nc6 13. e5 Qa5 14. Be4 Bd7 15. Rb1 Rab8 16. h4 Rfd8 17. Qxa5 Nxa5 18. Ke2 Bc6 19. Bxc6 Nxc6 20. Ke3 b5 21. Rhc1 Ne7 22. Ng5 Nd5+ 23. Kd2 Rdc8 24. Ne4 Rxc1 25. Rxc1 Kf8 26. Rc6 a5 27. Ra6 a4 28. Ra7 Ne7 29. Nd6 f5 30. exf6 gxf6 31. h5 Nc6 32. Rxh7 Kg8 33. Rh6 Rd8 34. Nxb5 Nxd4 35. Nxd4 Rxd4+ 36. Ke3 Rb4 37. Rxf6 Rb2 38. Rxe6 Rxa2 39. Ra6 Kh7 40. g4 a3 41. g5 Kg7 42. Ra7+ Kg8 43. h6 1-0


[Site "https://www.chess.com"]

[Event "Titled Tuesday Blitz August 1 Early 2023"]
[White "Rosh Jain"]
[Black "Bilan, Danila"]
[WhiteFideId "25789465"]
[BlackFideId "24161918"]
[WhiteElo "2455"]
[BlackElo "2576"]
[Result "1-0"]
[Round "7"]
[TimeControl "180+1"]
[Date "2023.08.01"]
[WhiteClock "0:00:43"]
[BlackClock "0:00:00"]
[Board "105"]

1. e4 c6 2. Nc3 d5 3. Nf3 Bg4 4. h3 Bxf3 5. Qxf3 e6 6. Be2 Nd7 7. O-O Ngf6 8. d4 dxe4 9. Nxe4 Nxe4 10. Qxe4 Be7 11. Qd3 O-O 12. Bf4 Nf6 13. Bf3 Bd6 14. Bg5 h6 15. Bh4 Be7 16. Rad1 Nd5 17. Bxe7 Qxe7 18. g3 Rfd8 19. c3 Rac8 20. Rfe1 Qf6 21. Qe4 b6 22. Bg2 c5 23. dxc5 Rxc5 24. Rd2 Rcc8 25. Red1 Re8 26. a3 g6 27. c4 Ne7 28. b3 Nc6 29. Rd7 e5 30. Qd5 Nd4 31. Qb7 Rcd8 32. Qxa7 Rxd7 33. Qxd7 Rd8 34. Qg4 Nxb3 35. Rxd8+ Qxd8 36. Bd5 Qf6 37. h4 h5 38. Qd1 Nc5 39. Kg2 Kg7 40. Qe2 Qd6 41. Qf3 Qe7 42. Qc3 Qf6 43. Kf1 Qe7 44. Ke2 f6 45. Qb4 Qd6 46. a4 Qc7 47. Qb5 1-0


[Site "https://www.chess.com"]

[Event "Titled Tuesday Blitz August 1 Early 2023"]
[White "TomLiu777"]
[Black "Borgaonkar Akshay"]
[BlackFideId "25639110"]
[WhiteElo "2454"]
[BlackElo "2573"]
[Result "0-1"]
[Round "7"]
[TimeControl "180+1"]
[Date "2023.08.01"]
[WhiteClock "0:00:01"]
[BlackClock "0:01:07"]
[Board "106"]

1. c4 Nf6 2. Nc3 e6 3. e4 d5 4. cxd5 exd5 5. e5 d4 6. exf6 dxc3 7. Bb5+ c6 8. Qe2+ Be6 9. Bc4 Qxf6 10. dxc3 Bc5 11. Bxe6 fxe6 12. Nf3 O-O 13. Be3 Nd7 14. O-O Bxe3 15. Qxe3 Nb6 16. Rfe1 Rae8 17. Rad1 Nd5 18. Qxa7 Qg6 19. Ne5 Qc2 20. Nd3 e5 21. Qxb7 e4 22. Qxc6 Rd8 23. Qe6+ Kh8 24. Qxe4 Nf4 25. Rf1 Nxd3 26. f3 Rfe8 27. Qf5 Re2 28. Qg5 Rd5 29. Qg4 h6 30. h4 Nf4 31. Qc8+ Kh7 32. Rxd5 Rxg2+ 33. Kh1 Rh2+ 34. Kg1 Rh1+ 35. Kxh1 Qg2# 0-1


[Site "https://www.chess.com"]

[Event "Titled Tuesday Blitz August 1 Early 2023"]
[White "Ambartsumova, Karina"]
[Black "Nareks, Matic"]
[WhiteFideId "4166299"]
[BlackFideId "14629526"]
[WhiteElo "2572"]
[BlackElo "2453"]
[Result "0-1"]
[Round "7"]
[TimeControl "180+1"]
[Date "2023.08.01"]
[WhiteClock "0:00:01"]
[BlackClock "0:01:04"]
[Board "107"]

1. c4 g6 2. Nc3 Bg7 3. Nf3 d6 4. d4 e5 5. e4 Nc6 6. dxe5 dxe5 7. Qxd8+ Kxd8 8. Bg5+ f6 9. O-O-O+ Bd7 10. Be3 Bh6 11. Bxh6 Nxh6 12. Nd5 Rf8 13. c5 a6 14. b4 Kc8 15. h3 Ng8 16. Bc4 Nge7 17. a3 Be8 18. Nxe7+ Nxe7 19. Be6+ Kb8 20. Rd2 Ka7 21. Rhd1 Ba4 22. Re1 Rad8 23. Re3 Bb5 24. Bd5 Nxd5 25. exd5 Bc4 26. d6 cxd6 27. cxd6 Rd7 28. g4 g5 29. a4 Rfd8 30. a5 Rxd6 31. Rxd6 Rxd6 32. Rc3 Bf1 33. Nd2 Bg2 34. Nc4 Rc6 35. Kb2 Bxh3 36. Kb3 Bxg4 37. Ne3 Be6+ 38. Kb2 Rxc3 39. Kxc3 h5 40. Kd3 h4 41. Ke4 Kb8 42. Kf3 Kc7 43. Nd1 g4+ 44. Kg2 Kd6 45. Nc3 f5 46. f3 Bd5 47. Kf2 0-1


[Site "https://www.chess.com"]

[Event "Titled Tuesday Blitz August 1 Early 2023"]
[White "Kokoszczynski, Jan"]
[Black "Tologon tegin, Semetei"]
[WhiteFideId "1174460"]
[BlackFideId "13800574"]
[WhiteElo "2450"]
[BlackElo "2569"]
[Result "0-1"]
[Round "7"]
[TimeControl "180+1"]
[Date "2023.08.01"]
[WhiteClock "0:00:03"]
[BlackClock "0:00:35"]
[Board "108"]

1. d4 c5 2. d5 e5 3. e4 d6 4. Bb5+ Nd7 5. a4 Be7 6. Nc3 Bg5 7. Nf3 Bxc1 8. Qxc1 Nf6 9. O-O O-O 10. Re1 Nh5 11. Bf1 h6 12. Nd2 f5 13. exf5 Rxf5 14. Nc4 Ndf6 15. Ne3 Rf4 16. g3 Rb4 17. Bg2 Ng4 18. Ne4 Nxe3 19. Rxe3 Nf6 20. c3 Rb6 21. Qd2 Bf5 22. b4 cxb4 23. cxb4 Bxe4 24. Bxe4 Nxe4 25. Rxe4 Rc8 26. Rc1 Qd7 27. b5 a6 28. bxa6 bxa6 29. Rec4 Rxc4 30. Rxc4 Qb7 31. Kg2 Rb2 32. Qd3 Rb3 33. Qe4 a5 34. Rc6 Qd7 35. Qc4 Rb8 36. Rc7 Qf5 37. Qc2 Qg4 38. Rc4 Qd7 39. Rc7 Qg4 40. Rc4 Qd7 41. h4 Rf8 42. Rc7 Qg4 43. Rc4 Qh5 44. Rc7 Qf3+ 45. Kh2 Qxd5 46. Qg6 Rxf2+ 47. Kh3 Qg2+ 48. Kg4 Qf3+ 49. Kh3 Qf5+ 50. Qxf5 Rxf5 51. Ra7 e4 52. Kg4 Re5 53. Rd7 e3 54. Rxd6 e2 0-1


[Site "https://www.chess.com"]

[Event "Titled Tuesday Blitz August 1 Early 2023"]
[White "KrokerGuy"]
[Black "robertoalejandro10"]
[WhiteElo "2447"]
[BlackElo "2566"]
[Result "1-0"]
[Round "7"]
[TimeControl "180+1"]
[Date "2023.08.01"]
[WhiteClock "0:00:08"]
[BlackClock "0:00:00"]
[Board "109"]

1. e4 c5 2. Nf3 g6 3. d4 cxd4 4. Nxd4 Bg7 5. Nc3 Nc6 6. Be3 Nf6 7. Bc4 O-O 8. Bb3 d5 9. exd5 Na5 10. Qf3 Nxb3 11. axb3 Bg4 12. Qg3 Qd7 13. h3 Bf5 14. Qf3 Rfd8 15. Nxf5 gxf5 16. Rd1 b6 17. O-O Rac8 18. Bd4 b5 19. b4 Rc4 20. Bc5 Ne4 21. Nxe4 fxe4 22. Qb3 Qf5 23. c3 Rxd5 24. Rxd5 Qxd5 25. Rd1 Qe6 26. Rd8+ Bf8 27. Bxa7 Rc6 28. Qd1 Rd6 29. Rxd6 exd6 30. Bd4 f5 31. Qe2 Qd5 32. Qh5 Bg7 33. Qe8+ Bf8 34. Qd8 f4 35. Qf6 1-0


[Site "https://www.chess.com"]